 Dungeon Crawl Stone Soup version 0.20-a0-277-g7db01f4 (webtiles) character file.

588 Bekkur the Poker (level 7, -10/50 HPs)
             Began as a Demonspawn Gladiator on Dec 11, 2016.
             Engulfed by a cloud of flame (15 damage)
             ... on level 5 of the Dungeon.
             The game lasted 00:08:58 (2124 turns).

Bekkur the Poker (Demonspawn Gladiator)             Turns: 2124, Time: 00:08:58

Health: -10/50     AC:  8    Str: 20    XL:     7   Next: 15%
Magic:  7/7        EV: 17    Int: 10    God:
Gold:   114        SH:  0    Dex: 18    Spells: 6/6 levels left

rFire  . . .     SeeInvis .     a - +0 trident
rCold  . . .     Gourm    .     g - +0 ring mail
rNeg   . . .     Faith    .     (no shield)
rPois  .         Spirit   .     c - +0 helmet
rElec  .         Reflect  .     (no cloak)
rCorr  .         Harm     .     (no gloves)
MR     .....                    (no boots)
Stlth  ++........               (no amulet)
                                (no ring)
                                r - +3 ring of strength

@: agile, very slightly contaminated
A: thin metallic scales 1
a: no special abilities


You were on level 5 of the Dungeon.
You were not hungry.

You visited 1 branch of the dungeon, and saw 6 of its levels.

You collected 114 gold pieces.

Inventory:

Hand Weapons
 a - a +0 trident (weapon)
Missiles
 d - 3 throwing nets (quivered)
Armour
 c - a +0 helmet (worn)
 g - a +0 ring mail (worn)
Magical Staves
 p - an uncursed staff of fire
Jewellery
 k - an uncursed amulet of inaccuracy
 r - a +3 ring of strength (left hand)
Wands
 h - a wand of acid (6/15)
Scrolls
 o - 2 scrolls of blinking
 t - a scroll of random uselessness {unknown}
Potions
 e - 2 potions of magic
 u - 2 potions of brilliance
Comestibles
 f - 2 bread rations
 i - a beef jerky
 j - a royal jelly
 m - 3 meat rations
 s - a slice of pizza


   Skills:
 - Level 2.0 Fighting
 + Level 7.6 Polearms
 - Level 1.7 Throwing
 - Level 2.6 Dodging


You had 6 spell levels left.
You didn't know any spells.

Dungeon Overview and Level Annotations

Branches:
Dungeon (6/15)
 Temple: D:4-7

Altars:
Ru

Annotations:
D:6 Dowan


Innate Abilities, Weirdness & Mutations

You are partially covered in thin metallic scales. (AC +2)


Message History

The quokka barely misses you.
Evoke which item? (* to show all) (? for menu, Esc to quit)
Okay, then.
Sigmund misses you.
Evoke which item? (* to show all) (? for menu, Esc to quit)
Zapping:
h - a wand of acid (?/15) (will waste charges)
Press: ? - help, Shift-Dir - straight line, f - Sigmund
Aim: Sigmund, wielding a scythe and wearing a robe The bolt of acid hits the quokka.
The quokka is splashed with acid.
The acid corrodes the quokka!
The quokka explodes!
The fiery explosion engulfs you!
Ouch! That really hurt!
* * * LOW HITPOINT WARNING * * *
The fiery explosion engulfs Sigmund.
You kill Sigmund!
You have reached level 7!
Evoking this partially-identified wand wasted a few charges.
You are engulfed in roaring flames.
You die...

≈≈*,,,,,,* *,* *,**,***,**
,,******,* #.* *,**,* *,**
,** *,* ##.#####**,**,***,**
,* *,* ##....,.,,,,,,,,,,,**
,* *<* *......#****,*,******
,* *,***##...#.*****,*,* *
,* *,,,,,.....,,,,,>,,,* *
,*******,*****#..#,*****,***
* ,,,,,,,,,* #§@#,# *,* *
********** #§§#.####*,* *
*****####§.§.....,,*
*,,,,..##.#######***
#,***#.##.# ###.*###.##.####
**#....,...#.....#
*,.w....##.#w.##.###******
*,*,*,#.w............,,,,*


You could see a worm.

Vanquished Creatures
  Sigmund (D:5)
  A water moccasin (D:5)
  An ogre (D:4)
  2 crimson imps (D:5)
  An orc priest (D:5)
  An orc wizard (D:3)
  A worker ant (D:6)
  3 adders (D:3)
  5 worms
  3 dart slugs
  2 leopard geckos (D:2)
  2 orcs (D:3)
  3 giant cockroaches
  4 goblins
  5 hobgoblins
  2 jackals (D:2)
  8 kobolds
  2 quokkas
  7 bats
  4 frilled lizards
  9 rats
67 creatures vanquished.

Notes
Turn   | Place    | Note
-------+----------+-------------------------------------------
     0 | D:1      | Bekkur the Demonspawn Gladiator began the quest for the Orb.
     0 | D:1      | Reached XP level 1. HP: 16/16 MP: 1/1
   119 | D:1      | Reached skill level 3 in Polearms
   216 | D:1      | Gained mutation: You are partially covered in thin metallic scales. (AC +2) [demonic ancestry]
   216 | D:1      | Reached XP level 2. HP: 22/22 MP: 2/2
   631 | D:2      | Reached XP level 3. HP: 27/27 MP: 3/3
   656 | D:2      | Reached skill level 4 in Polearms
  1139 | D:3      | Reached XP level 4. HP: 28/33 MP: 4/4
  1360 | D:3      | Reached skill level 5 in Polearms
  1757 | D:4      | Noticed an ogre
  1770 | D:4      | Killed an ogre
  1770 | D:4      | Reached XP level 5. HP: 38/38 MP: 5/5
  1793 | D:4      | You fall through a shaft for 2 floors!
  1804 | D:6      | Reached skill level 6 in Polearms
  1821 | D:6      | Found a sacrificial altar of Ru.
  1835 | D:6      | Noticed Dowan
  1840 | D:5      | Entered Level 5 of the Dungeon
  1900 | D:5      | Noticed a water moccasin
  1928 | D:5      | Killed a water moccasin
  1928 | D:5      | Reached XP level 6. HP: 8/44 MP: 6/6
  1962 | D:5      | Reached skill level 7 in Polearms
  2119 | D:5      | Noticed Sigmund
  2124 | D:5      | Killed Sigmund
  2124 | D:5      | Reached XP level 7. HP: 5/50 MP: 7/7
  2124 | D:5      | Engulfed by a cloud of flame

Vault maps used:
D:1:      lightli_arrival_noodles
D:4:      first_bread, serial_shops, shop, grunt_ministairs_8
D:5:      old_standard_altar, portal_sewer_entry_f, uniq_sigmund
D:6:      cheibrodos_worm_habitat, nicolae_ru_awakened_eye, uniq_menkaure,
          uniq_pikel, uniq_duvessa, uniq_edmund

Skill      XL: |  1  2  3  4  5  6 |
---------------+-------------------+-----
Polearms       | 3 4 5 6 7 |  7.6
Fighting       | |  2.0
Throwing       | |  1.7
Dodging        | |  2.6

Action                   |  1- 3 |  4- 6 |  7- 9 || total
-------------------------+-------+-------+-------++-------
Melee: Trident           |   128 |   153 |       ||   281
Evoke: Wand              |       |       |     1 ||     1
  Use: Scroll            |     3 |     7 |       ||    10
       Potion            |       |     4 |       ||     4
  Eat: Chunk             |     1 |     3 |       ||     4
Armor: Ring mail         |    24 |    40 |       ||    64
Dodge: Dodged            |    48 |    72 |       ||   120
